 Dungeon Crawl Stone Soup version 0.31-a0-339-gda1cbd555d (webtiles) character file.

Game seed: 1514387964701130151

5448 experimilk the Arsonist (level 10, -5/69 HPs)
             Began as a Black Draconian Fire Elementalist on July 20, 2023.
             Was a Follower of Vehumet.
             Engulfed by a cloud of flame (21 damage)
             ... on level 8 of the Dungeon on July 21, 2023.
             The game lasted 00:24:57 (14546 turns).

experimilk the Arsonist (DrFE)                     Turns: 14546, Time: 00:24:58

Health: -5/69      AC:  9    Str: 11    XL:     10   Next: 41%
Magic:  5/15       EV: 17    Int: 19    God:    Vehumet [*.....]
Gold:   466        SH:  0    Dex: 12    Spells: 5/16 levels left

rFire   . . .        z - +4 trident
rCold   . . .        (no shield)
rNeg    . . .        (body armour unavailable)
rPois   .            (helmet restricted)
rElec   +            (no cloak)
rCorr   .            (no gloves)
SInv    .            f - +1 pair of boots
Will    +....        (no amulet)
Stlth   ++           j - +5 ring of evasion
HPRegen 0.31/turn    l - ring of willpower
MPRegen 0.14/turn

%: no passive effects
@: no status effects
A: breathe lightning, AC +7, unfitting armour, electricity resistance,
cold-blooded
a: Breathe Lightning, Renounce Religion


You were on level 8 of the Dungeon.
You worshipped Vehumet.
Vehumet was aware of your devotion.
You visited 2 branches of the dungeon, and saw 10 of its levels.

You collected 466 gold pieces.

Inventory:

Hand Weapons
 z - a +4 trident (weapon)
Missiles
 b - 2 throwing nets
Armour
 f - a +1 pair of boots (worn)
Jewellery
 j - a +5 ring of evasion (left hand)
 l - a ring of willpower (right hand)
 t - a ring of flight
Talismans
 y - a beast talisman
Wands
 n - a wand of roots (10)
 u - a wand of mindburst (23)
 D - a wand of flame (21)
Scrolls
 c - 5 scrolls of teleportation
 g - 2 scrolls of immolation
 h - a scroll of poison
 k - 2 scrolls of amnesia
 m - a scroll of fear {unknown}
 s - a scroll of revelation {unknown}
 v - a scroll of silence {unknown}
 w - a scroll of brand weapon {unknown}
 A - a scroll of vulnerability {unknown}
Potions
 a - 2 potions of mutation
 d - 7 potions of curing
 e - 4 potions of attraction
 i - a potion of enlightenment
 o - a potion of lignification
 p - 2 potions of cancellation
 q - a potion of might
 r - a potion of heal wounds {unknown}
 x - a potion of invisibility {unknown}
 B - a potion of haste
 C - a potion of resistance {unknown}


   Skills:
 - Level 1.7 Dodging
 - Level 1.7 Stealth
 * Level 3.9 Spellcasting
 - Level 9.0 Conjurations
 - Level 9.0 Fire Magic
 - Level 9.0 Poison Magic


You had 5 spell levels left.
You knew the following spells:

 Your Spells              Type           Power      Damage    Failure   Level
a - Olgreb's Toxic Radia  Pois           37%        N/A       3%          4
b - Foxfire               Conj/Fire      100%       2x1d9     1%          1
x - Flame Wave            Conj/Fire      37%        2d10      3%          4
z - Scorch                Fire           74%        2d8       1%          2

Your spell library contained the following spells:

 Spells                   Type           Power      Damage    Failure   Level
 Sandblast                Erth           6%         2d5       14%         1
 Magic Dart               Conj           100%       1d8       1%          1
 Searing Ray              Conj           74%        2d7       1%          2
 Sting                    Tmut/Pois      80%        1d7       2%          1
 Poisonous Vapours        Pois/Air       40%        N/A       3%          2
 Inner Flame              Hex/Fire       20%        N/A       7%          3
 Volatile Blastmotes      Fire/Tloc      40%        2d13      7%          3
 Apportation              Tloc           6%         N/A       14%         1
 Fulminant Prism          Conj/Hex       10%        3d9       22%         4
 Tukima's Dance           Hex            3%         N/A       38%         3
 Alistair's Intoxication  Tmut/Pois      13%        N/A       52%         5
 Passage of Golubria      Tloc           3%         N/A       80%         4
 Yara's Violent Unravell  Hex/Tmut       1%         3d3       98%         5


Dungeon Overview and Level Annotations

Branches:
Dungeon (9/15)             Temple (1/1) D:6
   Lair: D:8-11         Orc: D:9-12

Altars:
Ashenzari
Cheibriados
Dithmenos
Elyvilon
Fedhas
Gozag
Hepliaklqana
Kikubaaqudgha
Makhleb
Okawaru
Qazlal
Ru
Sif Muna
Trog
Uskayaw
Vehumet
Wu Jian
Xom
Yredelemnul
Zin
The Shining One


Innate Abilities, Weirdness & Mutations

You can breathe wild blasts of lightning.
Your glossy black scales are hard. (AC +7)
You cannot fit into any form of body armour.
You are resistant to electric shocks. (rElec)
You are cold-blooded and may be slowed by cold attacks.


Message History

The killer bee buzzes angrily.
You hear an angry buzzing noise.
The orc priest mumbles some strange prayers to Beogh against you.
You easily resist.
You hear a howl!
You hear a shout! x2; You hear a horrible gurgling sound!
Casting: Scorch (safe; 1% risk of failure)
Confirm with . or Enter, or press ? or * to list all spells.
Flames lash the killer bee.
The killer bee is severely wounded.
The killer bee's fire resistance burns away.
A killer bee comes into view.
The killer bee stings you. The killer bee closely misses you.
Casting: Scorch (safe; 1% risk of failure)
Confirm with . or Enter, or press ? or * to list all spells.
Casting: Flame Wave (dangerous; 3% risk of failure)
Press: ? - help, Dir - look around, f - activate A wave of flame ripples out!
The tree burns like a torch!
The flame wave engulfs the killer bee!!
The killer bee is burned terribly!
You kill the killer bee!
Vehumet accepts your kill. (Press . to intensify the flame waves.)
You hear a shout!
A wave of flame ripples out!
The flame wave engulfs the orc priest!!
The orc priest is burned terribly!
You kill the orc priest!
Vehumet accepts your kill.
The tree burns like a torch!
The flame wave engulfs the killer bee!
The killer bee is almost dead.
You are engulfed in blazing flames.
The killer bee is engulfed in blazing flames.
You kill the killer bee!
Vehumet accepts your kill.
Unknown command.
A wave of flame ripples out!
The tree burns like a torch!
You finish channelling waves of flame.
A four-headed hydra and an orc wizard come into view.
You are engulfed in blazing flames.
* * * LOW HITPOINT WARNING * * *
Unknown command.
You are engulfed in blazing flames.
You die...

.........#### #.# ##)...#
.##.#...## #.# #...... .##.##.##
#.# #.....# ....##.# #.####
##..#... .>†###.# #....# #...####
#### ### ########### #####.##
♣.♣♣ ♣♣♣♣♣♣...§§§§§§#♣♣.♣♣#.#
...♣♣♣.♣...~~§§§§§§§♣♣...♣#.####>
....[......~~§§§@§§..............
...♣♣♣.♣...~~§.§§§§§♣♣...♣#.###..
♣.♣♣ ♣♣....÷..§§§§§§#♣♣.♣♣#.# ###
#####..§####### ### #.. ♣♣.♣ #...
.D♣. ##### ..# #. .o .. .u ..


You could see a four-headed hydra and an orc wizard.

Vanquished Creatures
  A two-headed ogre (D:8)
  A tengu conjurer (D:8)
  A troll (D:8)
  2 hornets (D:8)
  Prince Ribbit (D:8)
  A steam dragon (D:7)
  2 vampire mosquitoes (D:8)
  3 water moccasins (D:8)
  6 ice beasts
  4 sky beasts
  An orc warrior (D:7)
  5 centaurs
  An ogre (D:5)
  3 kobold brigands (D:8)
  2 bullfrogs
  A gnoll sergeant (D:7)
  A scorpion (D:4)
  3 wights (D:5)
  4 killer bees (D:8)
  5 howler monkeys
  2 orc priests
  A sleepcap (D:8)
  3 hounds
  5 iguanas
  2 orc wizards
  6 gnolls
  12 adders
  2 shadow imps
  A white imp (D:8)
  2 ufetubi
  2 worms
  4 dart slugs
  17 orcs
  7 endoplasms
  4 giant cockroaches
  5 goblins
  7 hobgoblins
  5 jackals
  5 quokkas
  9 ball pythons
  6 bats
  6 frilled lizards
  13 kobolds
  3 rats
177 creatures vanquished.

Vanquished Creatures (others)
  351 foxfires
351 creatures vanquished.

Grand Total: 528 creatures vanquished

Notes
Turn   | Place    | Note
-------+----------+-------------------------------------------
     0 | D:1      | experimilk the Draconian Fire Elementalist began the quest
                  | for the Orb.
     0 | D:1      | Reached XP level 1. HP: 14/14 MP: 3/3
   892 | D:1      | Reached XP level 2. HP: 13/20 MP: 0/5
  1049 | D:1      | Learned a level 2 spell: Scorch
  1587 | D:1      | Found a faded altar of an unknown god.
  2312 | D:2      | Reached XP level 3. HP: 26/26 MP: 0/6
  3767 | D:2      | Reached skill level 5 in Fire Magic
  3767 | D:2      | Reached XP level 4. HP: 33/33 MP: 0/7
  3949 | D:3      | Learned a level 4 spell: Flame Wave
  6280 | D:4      | Reached XP level 5. HP: 34/38 MP: 2/8
  6461 | D:4      | Noticed a black bear
  6469 | D:5      | Entered Level 5 of the Dungeon
  6741 | D:5      | Noticed an ice beast
  6747 | D:5      | Killed an ice beast
  6748 | D:5      | Reached XP level 6. HP: 45/45 MP: 0/9
  7517 | D:5      | Your scales start taking on a glossy black colour.
  7517 | D:5      | Reached XP level 7. HP: 50/50 MP: 5/10
  7517 | D:5      | Gained mutation: You are resistant to electric shocks.
                  | (rElec) [Black Draconian growth]
  9099 | D:6      | Found a hazy altar of Hepliaklqana.
  9219 | D:6      | Found a staircase to the Ecumenical Temple.
  9255 | Temple   | Entered the Ecumenical Temple
  9290 | Temple   | Became a worshipper of Vehumet
  9397 | D:6      | Reached XP level 8. HP: 57/57 MP: 4/11
  9507 | D:6      | Found a burning altar of Makhleb.
  9864 | D:6      | Reached skill level 5 in Conjurations
 11212 | D:7      | Reached * piety under Vehumet
 11212 | D:7      | Offered knowledge of Sandblast by Vehumet.
 11235 | D:6      | Found an ornate altar of the Wu Jian Council.
 11235 | D:6      | Found a blossoming altar of Fedhas.
 11505 | D:7      | Reached XP level 9. HP: 46/62 MP: 5/12
 11974 | D:8      | Noticed Prince Ribbit
 11977 | D:8      | Killed Prince Ribbit
 12119 | D:8      | Learned a level 4 spell: Olgreb's Toxic Radiance
 12215 | D:8      | Reached skill level 1 in Poison Magic
 12326 | D:8      | Noticed a two-headed ogre
 12714 | D:8      | Killed a two-headed ogre
 13161 | D:8      | Reached XP level 10. HP: 43/69 MP: 4/13
 13893 | D:8      | Noticed a manticore
 13898 | D:8      | Noticed a purple ugly thing
 14545 | D:8      | Noticed a four-headed hydra
 14546 | D:8      | Engulfed by a cloud of flame

Illustrated notes

Levels and vault maps discovered:
D:1:      co_arrival_random_square_maze, layout_loops_ring,
          shapermc_ecumenical_altar_acropolis
D:2:      layout_basic
D:3:      minmay_diamond_boxcup, layout_loops_ring
D:4:      layout_basic, grunt_tough_drop
D:5:      layout_loops_ring, grunt_decor_resistance
D:6:      layout_basic, nicolae_overflow_hidden_temple, temple_pool_b
D:7:      layout_rooms
D:8:      nzn_winding_woodlands_large [nzn_winding_woodlands_5x5_cross,
          nzn_winding_woodlands_5x15_default,
          nzn_winding_woodlands_5x5_checkerboard,
          nzn_winding_woodlands_center_lodge,
          nzn_winding_woodlands_15x15_five_gardens,
          nzn_winding_woodlands_center_pierced_h,
          nzn_winding_woodlands_5x5_default, nzn_winding_woodlands_5x15_pool,
          nzn_winding_woodlands_5x5_default], layout_loops_ring,
          uniq_prince_ribbit1
D:9:      layout_long_grid, serial_shops, shop, uniq_joseph, uniq_grum
Temple:   nicolae_temple_bog_church

Skill      XL: |  1  2  3  4  5  6  7  8  9 10 |
---------------+-------------------------------+-----
Fire Magic     | 4 5 6 8 9 |  9.0
Conjurations   | 4 8 9 |  9.0
Poison Magic   | 7 9 |  9.0
Spellcasting   | 3 |  3.9
Dodging        | |  1.7
Stealth        | |  1.7

Action                     |  1- 3 |  4- 6 |  7- 9 | 10-12 || total
---------------------------+-------+-------+-------+-------++-------
  Melee: Unarmed           |    27 |       |       |       ||    27
         Tailslap          |     7 |     2 |     1 |     4 ||    14
         Hand axe          |    11 |       |       |       ||    11
         Dagger            |       |    20 |       |       ||    20
         Trident           |       |       |    34 |    28 ||    62
   Cast: Foxfire           |    79 |    82 |    69 |     3 ||   233
         Scorch            |    20 |    40 |    96 |    26 ||   182
         Flame Wave        |       |       |     2 |     5 ||     7
         Olgreb's Toxic Ra |       |       |     2 |     6 ||     8
Ability: Breathe Lightning |       |       |     3 |     1 ||     4
  Evoke: Wand              |       |       |     2 |       ||     2
    Use: Potion            |     1 |       |     2 |       ||     3
         Scroll            |       |    10 |     5 |     2 ||    17
 Armour: Skin              |    21 |     3 |    17 |    24 ||    65
  Dodge: Dodged            |    42 |    22 |    53 |    67 ||   184

Table legend: (Time is in decaauts)
 A = Elapsed time spent in this place.
 B = Non-inter-level travel time spent in this place.
 C = Inter-level travel time spent in this place.
 D = Time resting spent in this place.
 E = Time spent auto-exploring this place.
 F = Levels seen in this place.
 G = Mean time per level.
                   A        B        C        D        E       F      G
               +--------+--------+--------+--------+--------+-----+--------+
         Total |  14599 |  14287 |    312 |   5794 |   6986 |  10 | 1459.9 |
       Dungeon |  14554 |  14250 |    304 |   5794 |   6969 |   9 | 1617.1 |
        Temple |     45 |     37 |      8 |      0 |     17 |   1 |   45.0 |
               +--------+--------+--------+--------+--------+-----+--------+

Top non-repeatable levels by time:
     D:1: 2289 daAuts
     D:8: 1948 daAuts
     D:7: 1819 daAuts
     D:3: 1724 daAuts
     D:5: 1716 daAuts
     D:2: 1650 daAuts
     D:4: 1607 daAuts
     D:6: 1585 daAuts
     D:9: 211 daAuts
  Temple: 45 daAuts
